 Dungeon Crawl Stone Soup version 0.16-a0-2652-gd333f3b (console) character file.

143460 utis the Purifying Kobold (level 17, -2/95 HPs)
             Began as a Kobold Assassin on Nov 22, 2014.
             Was a High Priest of Elyvilon.
             Drowned by a drowned soul (14 damage)
             ... summoned by a merfolk avatar
             ... on level 1 of the Shoals on Nov 23, 2014.
             The game lasted 03:26:36 (71841 turns).

utis the Purifying Kobold (Kobold Assassin)        Turns: 71841, Time: 03:26:36

Health: -2/95      AC: 20    Str: 19    XL:     17   Next: 99%
Magic:  35/36      EV: 23    Int: 12    God:    Elyvilon [*****.]
Gold:   2197       SH:  0    Dex: 18    Spells: 3 memorised, 4 levels left

rFire  + . .     SeeInvis .     a - +2 eveningstar (protect)
rCold  + . .     Clarity  .     M - +0 ring mail
rNeg   + . .     SustAb   .     (no shield)
rPois  .         Gourm    .     L - +1 helmet
rElec  .         Spirit   .     o - +0 cloak {MR+}
rCorr  .         Warding  .     A - +1 pair of gloves
rMut   +         Stasis   .     O - +1 pair of boots
MR     ++...                    r - amulet of resist mutation
Stlth  +++.......               w - +6 ring of strength {=R}
                                j - ring of the Okapi {+Rage +Inv rF+ rC+ rN+}

@: mesmerised, very slightly contaminated, invisible, very resistant to hostile
enchantments, fairly stealthy
A: repulsion field 1, blink 1, carnivore 3, frail 1
a: Blink, Lesser Healing, Lesser Self-Healing, Divine Protection, Purification,
Greater Healing, Greater Self-Healing, Divine Vigour, Renounce Religion, Evoke
Berserk Rage, Turn Visible


You were on level 1 of the Shoals.
You worshipped Elyvilon.
Elyvilon was extremely pleased with you.
You were very full.

You visited 6 branches of the dungeon, and saw 31 of its levels.
You also visited: Labyrinth.

You collected 2953 gold pieces.
You spent 756 gold pieces at shops.

Inventory:

Hand weapons
 a - a +2 eveningstar of protection (weapon)
 c - a +0 blowgun
 n - the +8 short sword of Darkness {pierce, MR+ SInv}
   (You found it on level 3 of the Lair of Beasts)

   It inflicts extra damage upon your enemies.
   It affects your resistance to hostile enchantments.
   It enhances your eyesight.
 H - a +5 quick blade of venom
 Z - a +1 dagger of electrocution {=f}
Missiles
 e - 92 poisoned needles
 m - 38 tomahawks (quivered)
 B - 110 stones
 E - 7 poisoned tomahawks
 X - a curare-tipped needle {=f}
Armour
 o - a +0 cloak of magic resistance (worn)
 A - a +1 pair of gloves (worn)
 L - a +1 helmet (worn)
 M - a +0 ring mail (worn)
 O - a +1 pair of boots (worn)
Magical staves
 b - an uncursed staff of conjuration {!a}
Jewellery
 f - an uncursed amulet of regeneration
 j - the ring of the Okapi (left hand) {+Rage +Inv rF+ rC+ rN+}
   (You found it in a labyrinth)

   [ring of protection from fire]

   It protects you from fire.
   It protects you from cold.
   It protects you from negative energy.
   It lets you turn invisible.
   It lets you go berserk.
 r - an amulet of resist mutation (around neck)
 t - the ring "Khaefuem" {Str-6 Int+2 Slay+5}
   (You found it on level 15 of the Dungeon)

   [ring of strength]

   It affects your strength (-6).
   It affects your intelligence (+2).
   It affects your accuracy and damage with ranged weapons and melee attacks
   (+5).
 w - a +6 ring of strength (right hand) {=R}
 I - an uncursed ring of wizardry
 U - an uncursed ring of flight
 W - an uncursed ring of protection from cold
Magical devices
 i - a wand of fire (1)
 s - a wand of fireball (5)
 v - a wand of enslavement (14)
 N - a wand of digging (8)
 R - a wand of teleportation (9)
 S - a wand of disintegration (10)
Scrolls
 d - a scroll of fog
 h - a scroll of silence {!r}
 k - 3 scrolls of teleportation {!r}
 y - 3 scrolls of blinking {!r}
 D - 12 scrolls of identify
 P - 7 scrolls of fear {!r}
 V - a scroll of remove curse
Potions
 l - 3 potions of resistance
 q - 4 potions of curing
 u - 5 potions of might
 x - a potion of agility
 z - 4 potions of cancellation
 C - a potion of invisibility
 G - 2 potions of flight
 J - 4 potions of heal wounds
 Q - 2 potions of brilliance
Miscellaneous
 T - a phantom mirror
Comestibles
 g - 13 meat rations
 p - 4 slices of pizza
 K - 2 royal jellies
 Y - 5 beef jerkies


   Skills:
 - Level 12.0 Fighting
 - Level 10.2 Short Blades
 - Level 9.3 Maces & Flails
 - Level 2.6 Throwing
 - Level 8.6 Armour
 - Level 12.0 Dodging
 - Level 10.1 Stealth
 + Level 20.5 Invocations
 - Level 10.1 Evocations


You had 4 spell levels left.
You knew the following spells:

 Your Spells              Type           Power        Failure   Level  Hunger
d - Passage of Golubria   Tloc           N/A          100%        4    #####..
s - Swiftness             Chrm/Air       #.......     52%         2    ###....
H - Haste                 Chrm           #.......     100%        6    #######


Dungeon Overview and Level Annotations

Branches:
Dungeon (15/15)            Temple (0/1) D:5            Lair (8/8) D:11
 Shoals (2/5) Lair:5       Spider (1/5) Lair:5        Slime (0/6) Lair:7
    Orc (4/4) D:10            Elf (0/3) Orc:3        Vaults (0/5) D:13
 Depths (1/5) D:15

Altars:
Ashenzari
Cheibriados
Elyvilon
Okawaru
Qazlal
Ru
Trog
Vehumet
Xom
Yredelemnul
The Shining One
Beogh
Jiyva

Shops:
D:4 %   Orc:2 :   Orc:4 (:[

Portals:
Hell: Depths:1

Annotations:
D:5 Grinder
Lair:7 runed door


Innate Abilities, Weirdness & Mutations

You are small and have problems with some larger weapons.
You are carnivorous and can eat meat at any time.
You are surrounded by a mild repulsion field (EV +2).
You can translocate small distances at will.
You are frail (-10% HP).


Message History

You are very lightly contaminated with residual magic.
You feel quite a bit less full.
The pull of its song draws you forwards.
The drowned soul touches you. The drowned soul drowns you!
* * * LOW HITPOINT WARNING * * *
You cannot move away from the merfolk avatar!
You cannot move away from the merfolk avatar!
You cannot move away from the merfolk avatar!
Unknown command.
You enter the shallow water.
Moving in this stuff is going to be slow. ...and don't expect to remain undetected.
The drowned soul returns to the deep!
The merfolk avatar chants its luring song.
The drowned soul touches you. The drowned soul drowns you!
* * * LOW HITPOINT WARNING * * *
The drowned soul touches you. The drowned soul drowns you!
* * * LOW HITPOINT WARNING * * *
The drowned soul touches you. The drowned soul drowns you!
You die...

...≈≈..÷.......))..≈≈≈≈≈≈
≈≈≈≈...▓........≈......≈≈
≈≈≈..)[.....)≈≈≈≈≈≈≈≈≈.≈≈
≈≈...........≈≈≈≈≈≈≈≈≈≈≈
≈..≈≈..▓.......≈≈≈≈≈≈≈≈≈
≈..........≈≈≈.≈≈≈≈W≈≈.≈
≈.........≈≈≈≈m≈≈≈..≈≈≈≈
≈..▓▓.....≈≈≈≈≈≈≈≈≈.≈≈≈≈≈
....<....≈≈.≈≈≈≈K≈≈..≈≈≈≈
.......)....≈≈≈≈≈≈≈..≈≈≈≈
......▓▓▓.....≈≈≈≈≈≈≈≈≈≈
....▓▓▓▓......≈.≈≈≈≈≈≈≈≈
...▓▓ ▓▓.......≈≈≈≈≈≈≈≈.
.▓▓▓ ▓▓........≈≈≈≈≈≈≈≈
▓▓ ▓▓....▓....?....≈≈
▓▓................
▓......▓▓▓..≈≈.➘.


You could see a merfolk avatar and a drowned soul.

Vanquished Creatures
  Kirke (Shoals:1)
  Maud (Lair:7)
  An orc warlord (Orc:4)
  2 stone giants (Depths:1)
  A very ugly thing (Depths:1)
  A minotaur (Lab)
  A merfolk impaler (Shoals:1)
  A hell beast (Depths:1)
  2 fire dragons
  A yaktaur captain (Depths:1)
  Harold (Lair:6)
  An ice dragon (Depths:1)
  3 centaur warriors (D:14)
  Erica (Lair:5)
  A merfolk avatar (Shoals:2)
  3 hydras
  2 death yaks (Lair:7)
  2 ogre magi (Depths:1)
  2 orc high priests (Orc:4)
  A spriggan berserker (Depths:1)
  2 unseen horrors
  10 hill giants
  A wizard (Depths:1)
  3 wolf spiders (Spider:1)
  A deep elf conjurer (Depths:1)
  An orb spider (Spider:1)
  13 harpies (Shoals:1)
  7 orc knights
  A wolf spider (shapeshifter) (D:15)
  2 fauns (Shoals:1)
  5 orc sorcerers
  8 griffons
  17 ugly things
  A salamander (D:15)
  3 sirens (Shoals:1)
  2 cyclopes
  4 manticores
  23 elephants
  2 black mambas (Lair:8)
  A gargoyle (D:14)
  19 spiny frogs
  A torpor snail (Lair:8)
  4 centaur skeletons
  A queen ant (Lair:5)
  A fire drake (Lair:3)
  A yaktaur (shapeshifter) (D:13)
  2 yaktaurs (Depths:1)
  2 trolls
  4 kobold demonologists
  A freezing wraith (Depths:1)
  4 wandering mushrooms (Lab)
  A jumping spider (Spider:1)
  3 merfolk
  A polar bear (shapeshifter) (D:14)
  6 two-headed ogres
  A giant leech (Lair:8)
  21 slime creatures
  A snapping turtle (Shoals:1)
  24 blink frogs
  3 vampires
  A trapdoor spider (Lab)
  6 redbacks
  A wraith (D:14)
  A spriggan (D:9)
  26 yaks
  2 wyverns
  A deep elf mage (D:14)
  7 hungry ghosts
  A water elemental (Shoals:1)
  Grum (D:8)
  13 hippogriffs
  7 soldier ants
  13 wolves
  6 swamp worms (Lair:2)
  11 vampire mosquitoes
  2 mottled dragons
  2 wargs (D:13)
  18 water moccasins
  9 porcupines
  35 orc warriors
  An eye of draining (D:15)
  A black bear (shapeshifter) (D:13)
  4 ice beasts
  A phantom (D:7)
  3 necrophages
  11 spiders
  An ice beast (shapeshifter) (D:13)
  2 centaurs
  5 boring beetles
  18 ogres
  15 crocodiles
  3 big kobolds
  A brain worm (D:15)
  33 giant frogs
  4 scorpions
  A wyvern skeleton (D:9)
  18 killer bees
  A troll skeleton (Orc:3)
  7 crimson imps
  6 hounds
  7 centaur zombies
  41 orc priests
  A goliath beetle (D:8)
  33 orc wizards
  Crazy Yiuf (D:3)
  12 jellies
  A gnoll shaman (D:5)
  35 worker ants
  5 iguanas
  A yellow wasp simulacrum (D:10)
  A sheep (Lair:1)
  3 centaur simulacra
  An ogre skeleton (Orc:3)
  A mummy (D:7)
  22 adders
  66 river rats
  2 worker ant zombies
  12 gnolls
  An orc zombie (Orc:3)
  2 worker ant simulacra (D:10)
  4 giant mites
  5 shadow imps
  2 ufetubi (D:10)
  20 worms
  An adder skeleton (D:9)
  An adder zombie (D:10)
  2 oozes
  6 giant geckos
  177 orcs
  11 bats
  A bat zombie (D:6)
  5 giant cockroaches
  15 hobgoblins
  8 jackals
  12 quokkas
  A ball python (D:1)
  5 giant newts
  2 giant spores
  22 goblins
  A goblin zombie (Orc:3)
  24 kobolds
  4 orc skeletons
  19 rats
  39 ballistomycetes
1171 creatures vanquished.

Vanquished Creatures (others)
  A stone giant (Depths:1)
  Fannar (Lair:2)
  2 death yaks
  A spriggan berserker (Depths:1)
  An orc high priest (Orc:4)
  3 elephants
  An orange demon (Orc:4)
  6 drowned souls (Shoals:1)
  3 yaktaurs
  A red devil (Depths:1)
  A two-headed ogre (Depths:1)
  3 slime creatures (Depths:1)
  4 blink frogs
  A basilisk (Lair:3)
  4 yaks
  3 humans (Shoals:1)
  A water moccasin (Lair:3)
  2 wolves
  A porcupine (Lair:2)
  3 ogres (Depths:1)
  A giant frog (D:15)
  A big kobold (shapeshifter) (Depths:1)
  A crimson imp (D:7)
  2 electric eels
  3 hounds
  3 orc priests
  An iguana (Lair:2)
  A centaur skeleton (D:10)
  2 orc wizards (Orc:4)
  A worker ant (D:9)
  6 sheep
  A gnoll (D:7)
  6 river rats
  3 adders
  A white imp (D:10)
  An ufetubus (D:10)
  11 orcs
  A bat zombie (D:7)
  6 kobolds
  2 quokkas
  3 giant spores
  2 rats
  21 fungi
  12 plants
135 creatures vanquished.

Grand Total: 1306 creatures vanquished

Notes
Turn   | Place    | Note
--------------------------------------------------------------
     0 | D:1      | utis, the Kobold Assassin, began the quest for the Orb.
     0 | D:1      | Reached XP level 1. HP: 12/12 MP: 1/1
   108 | D:1      | Reached XP level 2. HP: 17/17 MP: 2/2
   346 | D:1      | Reached XP level 3. HP: 21/21 MP: 3/3
   961 | D:2      | Reached skill level 5 in Short Blades
  1025 | D:2      | Found a white marble altar of Elyvilon.
  1049 | D:2      | Became a worshipper of Elyvilon the Healer
  1344 | D:2      | Reached XP level 4. HP: 26/26 MP: 4/4
  1999 | D:2      | Found a snail-covered altar of Cheibriados.
  2165 | D:2      | Reached skill level 6 in Short Blades
  2435 | D:2      | Reached XP level 5. HP: 30/30 MP: 5/5
  3205 | D:3      | Noticed Crazy Yiuf
  3219 | D:3      | Killed Crazy Yiuf
  3665 | D:3      | Reached XP level 6. HP: 21/37 MP: 6/6
  3870 | D:3      | Reached skill level 1 in Armour
  4252 | D:3      | Acquired Elyvilon's first power
  4614 | D:4      | Found Muolafif's Food Emporium.
  5166 | D:4      | Reached XP level 7. HP: 31/41 MP: 7/7
  5427 | D:5      | Entered Level 5 of the Dungeon
  5465 | D:5      | Found a sacrificial altar of Ru.
  6123 | D:5      | Found a staircase to the Ecumenical Temple.
  6593 | D:5      | Reached skill level 5 in Dodging
  6664 | D:5      | Found a basalt altar of Yredelemnul.
  7429 | D:5      | Reached XP level 8. HP: 46/46 MP: 8/8
  7624 | D:5      | Noticed Grinder
  7628 | D:5      | Paralysed by Grinder for 6 turns
  7890 | D:5      | Reached skill level 1 in Invocations
  8538 | D:6      | Learned a level 2 spell: Swiftness
  8543 | D:6      | Learned a level 4 spell: Passage of Golubria
  9800 | D:7      | Reached skill level 5 in Invocations
 10571 | D:7      | Found a glowing golden altar of the Shining One.
 11214 | D:7      | Reached XP level 9. HP: 52/52 MP: 18/18
 11566 | D:7      | Acquired Elyvilon's second power
 11590 | D:7      | Reached skill level 7 in Invocations
 11610 | D:7      | Found a radiant altar of Vehumet.
 11750 | D:8      | Got a translucent spear
 12048 | D:8      | Reached skill level 8 in Invocations
 12070 | D:8      | Identified the +6 spear of Dissolution {antimagic, Int+1} (You found it on level 8 of the Dungeon)
 12278 | D:8      | HP: 2/52 [killer bee (8)]
 12870 | D:7      | Reached skill level 9 in Invocations
 14750 | D:7      | Found a glowing golden altar of the Shining One.
 14951 | D:7      | Found a radiant altar of Vehumet.
 14996 | D:8      | Reached skill level 10 in Invocations
 15566 | D:8      | Reached XP level 10. HP: 52/56 MP: 24/24
 16048 | D:8      | Noticed Grum
 16073 | D:8      | Killed Grum
 16073 | D:8      | Reached skill level 11 in Invocations
 16255 | D:9      | Found a bloodstained altar of Trog.
 16286 | D:9      | Found a stormy altar of Qazlal.
 16592 | D:9      | Reached skill level 12 in Invocations
 16677 | D:9      | Found a shattered altar of Ashenzari.
 16773 | D:9      | Acquired Elyvilon's third power
 18406 | D:10     | Entered Level 10 of the Dungeon
 18417 | D:10     | Noticed a hill giant
 18747 | D:10     | Killed a hill giant
 18747 | D:10     | Reached skill level 13 in Invocations
 18878 | D:10     | Noticed a hill giant
 18930 | D:10     | Killed a hill giant
 19140 | D:10     | Reached XP level 11. HP: 50/61 MP: 27/27
 19297 | D:10     | Found a staircase to the Orcish Mines.
 19367 | D:10     | Reached skill level 14 in Invocations
 20233 | D:10     | Noticed a hill giant
 21197 | D:10     | Noticed a hill giant
 21411 | D:10     | Noticed a white ugly thing
 21412 | D:10     | Pacified a white ugly thing
 21635 | D:10     | Killed a hill giant
 21635 | D:10     | Reached skill level 15 in Invocations
 22351 | D:11     | Noticed a hill giant
 22351 | D:11     | Noticed a purple ugly thing
 22357 | D:10     | Pacified a purple ugly thing
 22578 | D:11     | Found a staircase to the Lair.
 23032 | D:11     | Noticed a hill giant
 23455 | D:11     | Killed a hill giant
 23655 | D:11     | Gained mutation: You can translocate small distances at will. [potion of beneficial mutation]
 24239 | D:11     | Reached skill level 16 in Invocations
 24403 | Lair:1   | Entered Level 1 of the Lair of Beasts
 24981 | Lair:1   | Reached XP level 12. HP: 59/66 MP: 30/30
 25292 | Lair:2   | Noticed Fannar
 25301 | Lair:2   | Pacified Fannar
 25335 | Lair:2   | Killed Fannar
 25397 | Lair:2   | Acquired Elyvilon's fourth power
 26084 | Lair:2   | Reached skill level 17 in Invocations
 27314 | Lair:2   | Identified a scroll of acquirement
 28621 | Lair:3   | Got an iridescent short sword
 28622 | Lair:3   | Identified the +8 short sword of Darkness {pierce, MR+ SInv} (You found it on level 3 of the Lair of Beasts)
 28699 | Lair:3   | Noticed a four-headed hydra
 28699 | Lair:3   | Pacified a four-headed hydra
 29024 | Lair:3   | Reached skill level 5 in Fighting
 29932 | Lair:3   | Reached XP level 13. HP: 62/76 MP: 32/32
 32180 | Lair:4   | Reached skill level 10 in Short Blades
 32981 | Lair:5   | Found a hole to the Spider Nest.
 33374 | Lair:5   | Found a staircase to the Shoals.
 33521 | Lair:5   | Noticed Erica
 34707 | Lair:5   | Killed Erica
 34707 | Lair:5   | Reached skill level 5 in Armour
 36519 | Lair:5   | Reached XP level 14. HP: 40/84 MP: 30/32
 36984 | Lair:6   | Noticed Harold
 37006 | Lair:6   | Killed Harold
 37701 | Lair:6   | Reached skill level 10 in Fighting
 39218 | Lair:7   | Found a runed door.
 39218 | Lair:7   | Found a viscous altar of Jiyva.
 39234 | Lair:7   | Found a labyrinth entrance.
 39244 | Lab      | Entered a labyrinth
 39413 | Lab      | Reached skill level 5 in Evocations
 39954 | Lab      | Got a sparkling silver ring
 39956 | Lab      | Identified the ring of the Okapi {+Rage +Inv rF+ rC+ rN+} (You found it in a labyrinth)
 40231 | Lair:7   | Noticed an acid blob
 40233 | Lair:7   | Found a staircase to the Slime Pits.
 41083 | Lair:7   | Noticed Maud
 41118 | Lair:7   | Killed Maud
 41311 | Lair:7   | Reached skill level 1 in Maces & Flails
 42250 | Lair:7   | Reached skill level 5 in Maces & Flails
 42680 | Lair:8   | Entered Level 8 of the Lair of Beasts
 42985 | Lair:7   | Reached XP level 15. HP: 93/96 MP: 30/33
 47559 | D:10     | Killed a hill giant
 47571 | Orc:1    | Entered Level 1 of the Orcish Mines
 47617 | Orc:1    | Reached skill level 10 in Stealth
 48757 | Orc:2    | Found a roughly hewn altar of Beogh.
 49097 | Orc:3    | Found a staircase to the Elven Halls.
 49642 | Orc:2    | Found Yrioj's Book Shoppe.
 51972 | Orc:3    | Found a bloodstained altar of Trog.
 52058 | Orc:4    | Entered Level 4 of the Orcish Mines
 52088 | Orc:4    | Noticed an orc warlord
 52194 | Orc:4    | Paralysed by an orc sorcerer for 6 turns
 52936 | Orc:4    | Killed an orc warlord
 53021 | Orc:3    | Gained mutation: You are frail (-10% HP). [mutagenic glow]
 53718 | Orc:4    | Reached XP level 16. HP: 61/90 MP: 34/34
 54001 | Orc:4    | Paralysed by an orc sorcerer for 4 turns
 54155 | Orc:4    | Found Khafira's General Store.
 54156 | Orc:4    | Found Khotamn's Book Emporium.
 54172 | Orc:4    | Found Idip Taughisk's Antique Armour Emporium.
 54172 | Orc:4    | Found Huhohap's Antique Weapon Shoppe.
 54176 | Orc:4    | Bought a runed cloak for 108 gold pieces
 54176 | Orc:4    | Bought a glowing helmet for 108 gold pieces
 54176 | Orc:4    | Bought a shiny ring mail for 96 gold pieces
 54214 | Orc:4    | Bought a crystal short sword for 296 gold pieces
 54215 | Orc:4    | Identified the +7 short sword of Mari Muk {venom, -Tele rF++ MR+} (You bought it in a shop on level 4 of the Orcish Mines)
 54919 | Orc:4    | Upgraded the game from 0.16-a0-2622-gbfab2ba to 0.16-a0-2652-gd333f3b
 55296 | Orc:4    | Bought a runed morningstar for 148 gold pieces
 55465 | D:12     | Reached skill level 10 in Evocations
 56874 | D:12     | Reached skill level 10 in Dodging
 58374 | D:13     | Found a gate to the Vaults.
 59893 | D:14     | Found a shimmering altar of Xom.
 60424 | D:14     | Gained mutation: You are surrounded by a mild repulsion field (EV +2). [mutagenic glow]
 60873 | D:14     | Found an iron altar of Okawaru.
 61061 | D:14     | Found a bloodstained altar of Trog.
 61878 | D:15     | Entered Level 15 of the Dungeon
 61957 | D:15     | Found a staircase to the Depths.
 63060 | D:15     | Got a scintillating bone ring
 63062 | D:15     | Identified the cursed ring "Khaefuem" {Str-6 Int+2 Slay+5} (You found it on level 15 of the Dungeon)
 63100 | D:15     | Reached XP level 17. HP: 95/95 MP: 35/35
 63413 | D:15     | Learned a level 6 spell: Haste
 63493 | D:15     | Reached skill level 18 in Invocations
 64222 | D:15     | Got a brightly glowing buckler
 64228 | D:15     | Identified the cursed -5 buckler of Suen {Str+3 Dex+3} (You found it on level 15 of the Dungeon)
 65008 | Spider:1 | Entered Level 1 of the Spider Nest
 66449 | Shoals:1 | Entered Level 1 of the Shoals
 66974 | Shoals:1 | You fall through a shaft!
 67220 | Shoals:1 | Reached skill level 19 in Invocations
 67598 | Shoals:1 | Noticed Kirke
 67637 | Shoals:1 | Killed Kirke
 67949 | Depths:1 | Entered Level 1 of the Depths
 69533 | Depths:1 | Reached skill level 20 in Invocations
 69554 | Depths:1 | Found a gateway to Hell.
 71841 | Shoals:1 | Drowned by a drowned soul

Action                   |  1- 3 |  4- 6 |  7- 9 | 10-12 | 13-15 | 16-18 || total
-------------------------+-------+-------+-------+-------+-------+-------++-------
Melee: Dagger            |    92 |   162 |   772 |   790 |   170 |   379 ||  2365
       Unarmed           |       |       |       |    22 |       |       ||    22
       Quick blade       |       |       |       |   149 |  1242 |  1161 ||  2552
       Short sword       |       |       |       |    85 |  1439 |    47 ||  1571
       Morningstar       |       |       |       |       |       |     1 ||     1
       Eveningstar       |       |       |       |       |       |     1 ||     1
 Fire: Blowgun           |     6 |    31 |    68 |   105 |    18 |     9 ||   237
Throw: Stone             |    59 |   110 |   198 |   224 |   295 |    35 ||   921
       Tomahawk          |       |       |       |    29 |    66 |    13 ||   108
Invok: Lesser Healing    |       |       |    80 |   252 |    95 |    83 ||   510
       Greater Self-Heal |       |       |       |     7 |     2 |     6 ||    15
       Purification      |       |       |       |     1 |     1 |       ||     2
       Greater Healing   |       |       |       |     3 |       |     9 ||    12
       Divine Vigour     |       |       |       |       |     2 |       ||     2
 Abil: Evoke Invisibilit |       |       |       |       |    35 |    53 ||    88
Evoke: Wand              |       |       |       |     2 |     1 |     1 ||     4
  Use: Scroll            |     2 |     2 |    11 |    21 |     5 |    18 ||    59
       Potion            |       |       |     4 |     1 |     4 |     2 ||    11
 Stab: Sleeping          |     3 |     9 |     3 |    10 |    28 |    59 ||   112
       Distracted        |       |       |     3 |       |     2 |     5 ||    10
       Invisible         |       |       |       |       |   134 |   142 ||   276
  Eat: Chunk             |     8 |    13 |    34 |    71 |   119 |    97 ||   342
       Beef jerky        |       |       |     1 |     1 |       |       ||     2
       Meat ration       |       |       |       |     2 |       |     1 ||     3
       Pizza             |       |       |       |     2 |       |       ||     2
